 Dungeon Crawl Stone Soup version 0.22.0-32-gbc6daba (webtiles) character file.

2560 Monsterracer the Geomancer (level 9, 0/57 HPs)
             Began as a Barachi Earth Elementalist on Aug 23, 2018.
             Was an Initiate of Cheibriados.
             Splashed by an orc wizard's acid (11 damage)
             ... on level 8 of the Dungeon.
             The game lasted 00:13:49 (9010 turns).

Monsterracer the Geomancer (BaEE)                   Turns: 9010, Time: 00:13:50

Health: 0/57       AC:  7    Str: 10    XL:     9   Next: 56%
Magic:  10/27      EV: 11    Int: 24    God:    Cheibriados [......]
Gold:   291        SH:  0    Dex: 14    Spells: 9/20 levels left

rFire    . . .     SeeInvis .   a - +0 long sword
rCold    . . .     Gourm    .   (no shield)
rNeg     . . .     Faith    .   B - +1 ring mail of Honour {MR+ Int+4}
rPois    .         Spirit   .   h - +1 helmet
rElec    .         Reflect  .   (no cloak)
rCorr    .         Harm     .   l - +2 pair of gloves
MR       +....                  (no boots)
Stlth    ++........             (no amulet)
HPRegen  0.19/turn              s - ring of magical power
MPRegen  0.20/turn              t - ring of stealth

@: corroded, very slightly contaminated, very slow
A: +LOS, swims, slowness 1, strong legs 1
a: Hop, Bend Time, Renounce Religion


You were on level 8 of the Dungeon.
You worshipped Cheibriados.
Cheibriados was noncommittal.
You were not hungry.

You visited 2 branches of the dungeon, and saw 9 of its levels.

You collected 291 gold pieces.

Inventory:

Hand Weapons
 a - a +0 long sword (weapon)
 b - a +2 dagger of draining
Missiles
 j - 106 stones (quivered)
 m - a throwing net
Armour
 d - a +0 buckler
 h - a +1 helmet (worn)
 l - a +2 pair of gloves (worn)
 o - a +0 shield
 B - the +1 ring mail of Honour (worn) {MR+ Int+4}
   (You found it on level 7 of the Dungeon)

   It affects your intelligence (+4).
   It affects your resistance to hostile enchantments.
Jewellery
 s - a ring of magical power (left hand)
 t - a ring of stealth (right hand)
Wands
 r - a wand of enslavement (5)
Scrolls
 g - 4 scrolls of remove curse
 q - 3 scrolls of blinking
 u - 4 scrolls of teleportation {!r}
 w - 2 scrolls of fog
 y - a scroll of amnesia
Potions
 e - 2 potions of might
 f - a potion of heal wounds
 i - 3 potions of curing
 k - 3 potions of degeneration
 n - a potion of ambrosia {!q}
 p - 2 potions of brilliance
 v - a potion of resistance {unknown}
 x - a potion of mutation {unknown}
 z - 2 potions of agility {unknown}
 A - a potion of haste {unknown}
 C - 3 potions of invisibility
Comestibles
 c - 12 rations


   Skills:
 - Level 3.2(4.0) Short Blades
 + Level 4.1(4.7) Long Blades
 - Level 2.1 Dodging
 - Level 1.7 Stealth
 + Level 6.3 Spellcasting
 - Level 5.0 Conjurations
 - Level 1.1 Transmutations
 * Level 9.2 Earth Magic
 + Level 1.4 Invocations


You had 9 spell levels left.
You knew the following spells:

 Your Spells              Type           Power        Failure   Level  Hunger
a - Sandblast             Erth           ######       1%          1    None
c - Stone Arrow           Conj/Erth      #####.       3%          3    None
d - Lee's Rapid Deconstr  Erth           ######....   13%         5    #####..
x - Passwall              Tmut/Erth      ####....     3%          2    None

Your spell library contained the following spells:

 Spells                   Type           Power        Failure   Level  Hunger
 Shock                    Conj/Air       ###.         7%          1    None
 Infusion                 Chrm           #...         21%         1    None
 Static Discharge         Conj/Air       ###.....     22%         3    None
 Petrify                  Tmut/Erth      ####....     24%         4    ###....
 Shroud of Golubria       Chrm/Tloc      #.........   30%         2    None
 Song of Slaying          Chrm           #.......     30%         2    None
 Swiftness                Chrm/Air       #.......     30%         2    None
 Regeneration             Chrm/Necr      #.........   52%         3    None
 Spectral Weapon          Hex/Chrm       #.......     52%         3    None
 Airstrike                Air            #.........   89%         4    ###....
 Lightning Bolt           Conj/Air       ###.......   89%         5    #####..


Dungeon Overview and Level Annotations

Branches:
Dungeon (8/15)             Temple (1/1) D:4
   Lair: D:8-11

Altars:
Ashenzari
Cheibriados
Dithmenos
Fedhas
Hepliaklqana
Makhleb
Nemelex Xobeh
Okawaru
Qazlal
Trog
Uskayaw
Vehumet
Wu Jian
Xom
Yredelemnul
Zin
The Shining One

Shops:
D:6 :


Innate Abilities, Weirdness & Mutations

Shadows flee at your approach. (+LOS)
You can swim through water.
You cover ground slowly.
You can hop short distances.


Message History

You butcher the hound corpse.
D - a chunk of flesh Eating a chunk of flesh.
You eat the chunk of flesh.
This raw flesh tastes terrible.
Found a glowing silver altar of Zin.
MP restored: 27 You now have 291 gold pieces (gained 9).
You pick up a book of Air and begin reading...
You add the spells Shock, Swiftness, Static Discharge, Airstrike and Lightning Bolt to your library.
A crimson imp comes into view.
A crimson imp is nearby!
The crimson imp blinks!
You see here 4 tomahawks.
Casting: Stone Arrow (safe; 3% risk of failure)
Confirm with . or Enter, or press ? or * to list all spells.
Aiming: Stone Arrow (safe; 3% risk of failure)
Press: ? - help, Shift-Dir - straight line, f - crimson imp
Aim: a crimson imp The stone arrow hits the crimson imp.
You kill the crimson imp!
Cheibriados appreciates the change of pace.
You now have 24/27 mp.
Unknown command.
An orc warrior comes into view. It is wielding a dire flail.
MP restored: 27 An orc warrior is nearby!
An orc warrior is nearby!
Casting: Stone Arrow (safe; 3% risk of failure)
Confirm with . or Enter, or press ? or * to list all spells.
Aiming: Stone Arrow (safe; 3% risk of failure)
Press: ? - help, Shift-Dir - straight line, f - orc warrior
Aim: an orc warrior, wielding a dire flail and wearing a plate armour The stone arrow hits the orc warrior.
The orc warrior is severely wounded.
You now have 24/27 mp.
Casting: Stone Arrow (safe; 3% risk of failure)
Confirm with . or Enter, or press ? or * to list all spells.
Aiming: Stone Arrow (safe; 3% risk of failure)
Press: ? - help, Shift-Dir - straight line, f/p - orc warrior
Aim: an orc warrior, wielding a dire flail and wearing a plate armour (severely wounded)
The stone arrow hits the orc warrior.
The orc warrior is severely wounded.
An orc priest comes into view. It is wielding a dagger.
The orc warrior misses you.
You riposte.
You barely miss the orc warrior.
The orc warrior is severely wounded.
You now have 21/27 mp.
Casting: Stone Arrow (safe; 3% risk of failure)
Confirm with . or Enter, or press ? or * to list all spells.
Aiming: Stone Arrow (safe; 3% risk of failure)
Press: ? - help, Shift-Dir - straight line, f/p - orc warrior
Aim: an orc warrior, wielding a dire flail and wearing a plate armour (severely wounded)
The stone arrow misses the orc warrior.
The orc priest shouts!
You hear a shout!
An orc wizard comes into view. It is wielding a dagger of speed.
The orc warrior hits you with a dire flail!!
You take 20 damage, and have 37/57 hp.
MASSIVE DAMAGE!!
You now have 18/27 mp.
Casting: Stone Arrow (safe; 3% risk of failure)
Confirm with . or Enter, or press ? or * to list all spells.
Aiming: Stone Arrow (safe; 3% risk of failure)
Press: ? - help, Shift-Dir - straight line, f/p - orc warrior
Aim: an orc warrior, wielding a dire flail and wearing a plate armour (severely wounded)
You miscast Stone Arrow.
You are very lightly contaminated with residual magic.
Nothing appears to happen.
The orc warrior barely misses you.
You now have 15/27 mp.
There are monsters nearby!
Casting: Stone Arrow (safe; 3% risk of failure)
Confirm with . or Enter, or press ? or * to list all spells.
Aiming: Stone Arrow (safe; 3% risk of failure)
Press: ? - help, Shift-Dir - straight line, f/p - orc warrior
Aim: an orc warrior, wielding a dire flail and wearing a plate armour (severely wounded)
The stone arrow hits the orc warrior.
You kill the orc warrior!
Cheibriados appreciates the change of pace.
Your Long Blades skill increases to level 4!
The orc priest mumbles some strange prayers to Beogh against you.
Beogh smites you!
* * * LOW HITPOINT WARNING * * *
You take 15 damage, and have 22/57 hp.
MASSIVE DAMAGE!!
You now have 13/27 mp.
Casting: Stone Arrow (safe; 3% risk of failure)
Confirm with . or Enter, or press ? or * to list all spells.
You can't see any susceptible monsters within range! (Use Z to cast anyway.) Unknown command.
The orc priest calls down the wrath of Beogh upon you.
You easily resist.
Things that are here:
a dire flail; a plate armour; 2 scrolls of identify
Casting: Stone Arrow (safe; 3% risk of failure)
Confirm with . or Enter, or press ? or * to list all spells.
Aiming: Stone Arrow (safe; 3% risk of failure)
Press: ? - help, Shift-Dir - straight line, f - orc priest
Aim: an orc priest, wielding a dagger The stone arrow hits the orc priest.
You kill the orc priest!
Cheibriados thoroughly appreciates the change of pace.
The orc wizard zaps a wand.
The bolt of acid hits you!
* * * LOW HITPOINT WARNING * * *
The acid corrodes you!
You are splashed with acid!
The acid burns!
You die...

# #####......# .
...#.####.#
#######.#.####.########
.......................
.......................
.######.#.####.########
.# ####.#.#<...# .#
#......###############
.###......# #...@..)o....
....##....###.########...
.....#...(....#
.....##..######
....♣♣#......#
.....♣#......#
...._♣#......#
.....♣#......#
....♣.#......#


You could see an orc wizard.

Vanquished Creatures
  Prince Ribbit (D:7)
  A hippogriff (D:7)
  Menkaure (D:5)
  A sky beast (D:6)
  An orc warrior (D:8)
  2 ogres
  A phantom (D:7)
  A centaur (D:5)
  6 bullfrogs
  4 scorpions
  A crimson imp (D:8)
  2 orc priests
  5 hounds
  2 jellies (D:6)
  A gnoll shaman (D:7)
  Ijyb (D:4)
  7 orc wizards
  An iguana (D:6)
  2 worker ants
  A hound zombie (D:6)
  2 hound skeletons
  9 gnolls
  11 adders
  A river rat (D:4)
  An adder skeleton (D:7)
  2 worms (D:2)
  5 dart slugs
  8 leopard geckos
  15 orcs
  7 bats
  5 giant cockroaches
  6 hobgoblins
  A quokka (D:4)
  3 ball pythons
  4 frilled lizards
  7 goblins
  A jackal skeleton (D:4)
  12 kobolds
  9 rats
151 creatures vanquished.

Notes
Turn   | Place    | Note
-------+----------+-------------------------------------------
     0 | D:1      | Monsterracer the Barachi Earth Elementalist began the quest for the Orb.
     0 | D:1      | Reached XP level 1. HP: 13/13 MP: 3/3
   177 | D:1      | Reached XP level 2. HP: 19/19 MP: 3/5
   810 | D:1      | Reached XP level 3. HP: 16/24 MP: 1/7
   811 | D:1      | HP: 9/24 [kobold/short sword (6)]
   831 | D:1      | HP: 8/24 [kobold/short sword (1)]
  1459 | D:1      | Reached skill level 4 in Earth Magic
  1794 | D:1      | Learned a level 2 spell: Passwall
  1798 | D:1      | Learned a level 3 spell: Stone Arrow
  2294 | D:2      | HP: 8/24 [gnoll/spear (6)]
  2296 | D:2      | Reached XP level 4. HP: 10/30 MP: 0/8
  2302 | D:2      | HP: 2/30 [gnoll/flail (9)]
  2581 | D:2      | HP: 14/30 [gnoll/spear (5)]
  2586 | D:2      | HP: 14/30 [frilled lizard (1)]
  2751 | D:2      | Reached skill level 1 in Conjurations
  3716 | D:3      | Reached XP level 5. HP: 28/35 MP: 9/9
  4396 | D:4      | Reached skill level 5 in Earth Magic
  4398 | D:4      | Reached XP level 6. HP: 27/41 MP: 11/11
  4656 | D:4      | Noticed Ijyb
  4715 | D:4      | Killed Ijyb
  4762 | D:4      | Reached XP level 7. HP: 46/46 MP: 13/13
  4767 | D:4      | Reached skill level 6 in Earth Magic
  4821 | D:4      | Found a staircase to the Ecumenical Temple.
  4831 | Temple   | Entered the Ecumenical Temple
  5015 | D:4      | Learned a level 5 spell: Lee's Rapid Deconstruction
  5380 | D:5      | Entered Level 5 of the Dungeon
  5380 | D:5      | Found a basalt altar of Yredelemnul.
  5419 | D:5      | Found a shadowy altar of Dithmenos.
  5451 | D:5      | Reached skill level 1 in Short Blades
  5589 | D:5      | Noticed Menkaure
  5592 | D:5      | Killed Menkaure
  5915 | D:5      | Reached XP level 8. HP: 52/52 MP: 15/15
  6440 | D:6      | Reached skill level 7 in Earth Magic
  6557 | D:6      | Reached skill level 5 in Spellcasting
  6585 | D:6      | Found Yficykiu's Book Emporium.
  6984 | D:6      | Reached skill level 1 in Long Blades
  7286 | D:6      | Found a stormy altar of Qazlal.
  7286 | D:6      | Found a shadowy altar of Dithmenos.
  7481 | D:6      | Reached skill level 5 in Conjurations
  7656 | D:7      | Noticed a hippogriff
  7657 | D:7      | Noticed Prince Ribbit
  7665 | D:7      | Killed Prince Ribbit
  7665 | D:7      | Reached skill level 8 in Earth Magic
  7665 | D:7      | Reached XP level 9. HP: 50/57 MP: 5/17
  7899 | D:7      | Found a snail-covered altar of Cheibriados.
  7903 | D:7      | Became a worshipper of Cheibriados the Contemplative
  8002 | D:7      | Found a shimmering altar of Xom.
  8158 | D:7      | Found a shattered altar of Ashenzari.
  8574 | D:7      | Reached skill level 9 in Earth Magic
  8574 | D:7      | Reached skill level 1 in Invocations
  8629 | D:7      | Identified a scroll of acquirement
  8786 | D:7      | Got a spiked ring mail
  8802 | D:7      | Identified the +1 ring mail of Honour {MR+ Int+4} (You found it on level 7 of the Dungeon)
  8950 | D:8      | Found a glowing silver altar of Zin.
  9008 | D:8      | HP: 22/57 [orc priest/divine providence (15)]
  9010 | D:8      | Splashed by an orc wizard's acid

Skill      XL: |  1  2  3  4  5  6  7  8  9 |
---------------+----------------------------+-----
Earth Magic    | 4 5 6 8 9 |  9.2
Spellcasting   | 3 4 5 6 |  6.3
Conjurations   | 1 2 3 4 5 |  5.0
Short Blades   | 2 3 |  3.2
Long Blades    | 2 4 |  4.1
Invocations    | 1 |  1.4
Dodging        | |  2.1
Stealth        | |  1.7
Transmutations | |  1.1

Action                   |  1- 3 |  4- 6 |  7- 9 || total
-------------------------+-------+-------+-------++-------
Melee: Unarmed           |     5 |     6 |       ||    11
       Short sword       |       |    46 |       ||    46
       Spear             |       |     9 |       ||     9
       Dagger            |       |     2 |    43 ||    45
       Long sword        |       |       |    23 ||    23
 Cast: Sandblast         |    59 |    40 |    32 ||   131
       Stone Arrow       |       |    13 |    82 ||    95
 Abil: Hop               |     1 |     1 |       ||     2
  Use: Scroll            |       |     9 |    12 ||    21
 Stab: Sleeping          |       |     1 |     1 ||     2
  Eat: Chunk             |     4 |     8 |    15 ||    27
       Ration            |       |     1 |     1 ||     2
Armor: Robe              |     5 |    31 |    35 ||    71
       Ring mail         |       |       |    20 ||    20
Dodge: Dodged            |    26 |    74 |    74 ||   174
       Rpst.: Long sword |       |       |    12 ||    12

Vault maps used:
D:1:      lightli_arrival_noodles
D:2:      first_ration
D:4:      lemuel_temple_firewalk_b, portal_sewer_entry_e,
          hangedman_decor_riveting, uniq_ijyb
D:5:      yredelemnul_altar_generic, nicolae_dithmenos_shadow_blocks,
          uniq_menkaure
D:6:      grunt_temple_overflow_open, serial_shops, shop, corexii_shack
D:7:      marbit_many_paths, chequers_temple_overflow_statue_of_worship,
          enter_bailey_2, grunt_ogre_cave, uniq_prince_ribbit1
D:8:      zin_academy, uniq_maurice
Temple:   eino_wide_crystal_templ
